 Dungeon Crawl Stone Soup version 0.29-a0-1043-g569b05d6ff (webtiles) character file.

Game seed: 16585809031306382160

140 DungeonMaster the Shield-Bearer (level 5, 0/41 HPs)
             Began as a Demonspawn Wanderer on Aug 16, 2022.
             Succumbed to their own poison gas
             ... on level 2 of the Dungeon.
             The game lasted 00:06:14 (2810 turns).

DungeonMaster the Shield-Bearer (DsWn)              Turns: 2810, Time: 00:06:14

Health: 0/41       AC: -5    Str: 12    XL:     5   Next: 2%
Magic:  6/6        EV:  9    Int: 14    God:
Gold:   148        SH:  9    Dex: 14    Spells: 5/6 levels left

rFire   . . .      SeeInvis .   v - +1 dagger (drain)
rCold   + . .      Faith    .   c - +0 buckler
rNeg    . . .      Spirit   .   n - +0 scale mail
rPois   .          Reflect  .   (no helmet)
rElec   .          Harm     .   (no cloak)
rCorr   .          Rampage  .   (no gloves)
Will    .....                   (no boots)
Stlth   ..........              (no amulet)
HPRegen 0.13/turn               i - ring of protection from cold
MPRegen 0.10/turn               (no ring)

@: lethally poisoned (0 -> -33), corroded
A: hooves 1, large bone plates 1, demonic magic 2
a: no special abilities


You were on level 2 of the Dungeon.
You visited 1 branch of the dungeon, and saw 3 of its levels.

You collected 148 gold pieces.

Inventory:

Hand Weapons
 a - a +0 dagger of venom
 l - a +2 dagger
 t - the +4 spear of Siasuf {pain, MP+9 Str+4 Int+5 Dex-4}
   (You found it on level 3 of the Dungeon)

   In the hands of one skilled in necromantic magic, it inflicts extra damage on
   living creatures.
   Str:       It affects your strength (+4).
   Int:       It affects your intelligence (+5).
   Dex:       It affects your dexterity (-4).
   MP:        It affects your magic capacity (+9).
 v - a +1 dagger of draining (weapon)
 w - a +0 sling of freezing
Missiles
 b - 2 boomerangs
 g - 6 poisoned darts
 h - 25 stones (quivered)
 u - a curare-tipped dart
Armour
 c - a +0 buckler (worn)
 n - a +0 scale mail (worn)
 x - a +0 helmet
Jewellery
 i - a ring of protection from cold (left hand)
Wands
 y - a wand of polymorph (5)
Scrolls
 j - a scroll of immolation {unknown}
 s - 2 scrolls of identify
Potions
 d - a potion of curing
 e - 2 potions of lignification {unknown}
 k - a potion of flight {unknown}
 m - a potion of resistance {unknown}
 o - 5 potions of heal wounds
 p - a potion of brilliance


   Skills:
 * Level 3.1 Fighting
 - Level 1.7 Throwing
 * Level 1.9 Armour
 * Level 1.9 Dodging
 - Level 1.0 Stealth
 * Level 3.5 Shields
 - Level 1.0 Spellcasting
 - Level 1.0 Poison Magic


You had 5 spell levels left.
You knew the following spells:

 Your Spells              Type           Power      Damage    Failure   Level
a - Sting                 Tmut/Pois      8%         1d3       82%         1

Your spell library contained the following spells:

 Spells                   Type           Power      Damage    Failure   Level
 Ignite Poison            Fire/Tmut/Pois 1%         N/A       99%         3
 Portal Projectile        Hex/Tloc       0%         N/A       99%         3
 Tukima's Dance           Hex            0%         N/A       99%         3
 Blade Hands              Tmut           0%         N/A       100%        5


Dungeon Overview and Level Annotations

Branches:
Dungeon (3/15)

Altars:

Annotations:
D:2 Grinder


Innate Abilities, Weirdness & Mutations

You have large cloven feet.
You are partially covered in large bone plates. (SH +4)
Spells you cast may paralyse nearby enemies.


Message History

Grinder blinks!
You can move again.
Unknown command.
Grinder blinks!
Grinder blinks!
There is a stone staircase leading up here.
Grinder is nearby!
Aiming: Polymorph
Press: ? - help, Shift-Dir - straight line, f - Grinder
Aim: Grinder (lightly wounded, will become a rust devil, a chaos spawn, or a lemure, chance to affect: 49%) Grinder resists with some effort.
Aiming: Polymorph
Press: ? - help, Shift-Dir - straight line, f/p - Grinder
Aim: Grinder (lightly wounded, will become a rust devil, a chaos spawn, or a lemure, chance to affect: 49%) Grinder resists with some effort.
Grinder blinks!
Aiming: Polymorph
Press: ? - help, Shift-Dir - straight line, f/p - Grinder
Aim: Grinder (lightly wounded, will become a rust devil, a chaos spawn, or a lemure, chance to affect: 49%) Grinder evaporates and reforms as a rust devil!
Grinder hits you. Grinder corrodes you! Grinder hits you! Grinder corrodes you!
You climb upwards.
There is a stone staircase leading down here.
Grinder attacks as you move away! Grinder barely misses you.
As you read the scroll of fear, it crumbles to dust.
You assume a fearsome visage.
Grinder easily resists.
Grinder hits you. Grinder corrodes you!
The air fills with toxic fumes!
As you read the scroll labelled KUUHOU SE GOR, it crumbles to dust.
It was a scroll of poison.
Grinder completely misses you.
Really walk into that cloud of poison gas?
You are engulfed in poison gas.
You are lethally poisoned!
* * * LOW HITPOINT WARNING * * *
You feel very sick. Grinder attacks as you move away!
You block Grinder's attack.
You are engulfed in poison gas.
You are more poisoned.
* * * LOW HITPOINT WARNING * * *
You die...

#.# #.#.## #§#.# #.# #.#
#.#§#### ##§#.# ##.# #.#
#...§§§# ##§§.§# #...
#.###..§##§###§§#§§# ##..#
#......§§§§§##§§§§##### #...#
#..#...§§#§§.§§§§§§§§.#####....
#......§§§§§§4§§§§§§§....#...##
##.#...§§§§§§§§§§§§§§....#...#.
#.#...§§##§##@######.#.....†..
#.#...####.##§# #.#...)..#.
#..###.###.##§######.##.....##
#..# #.....##§§....#.####.....
##.###.###########.#.# #...##
##...## #.#.# ##### ##.##
#.#.### #.# ##.#>..### #.#
##.#......#


You could see Grinder the rust devil.

Vanquished Creatures
  2 orc priests (D:3)
  Robin (D:3)
  An adder (D:3)
  2 worms (D:2)
  A dart slug (D:1)
  3 orcs
  6 ball pythons
  3 endoplasms
  3 giant cockroaches
  5 goblins
  7 hobgoblins
  2 quokkas
  2 bats
  4 frilled lizards
  5 kobolds
  6 rats
53 creatures vanquished.

Notes
Turn   | Place    | Note
-------+----------+-------------------------------------------
     0 | D:1      | DungeonMaster the Demonspawn Wanderer began the quest for
                  | the Orb.
     0 | D:1      | DungeonMaster set off with the following items: a +2
                  | dagger, a curare-tipped dart, a +0 buckler, a potion of
                  | curing, a +0 robe; and the following spell memorised:
                  | Sting; and the following spells available to memorise:
                  | Ignite Poison.
     0 | D:1      | Reached XP level 1. HP: 16/16 MP: 2/2
   379 | D:1      | Gained mutation: Spells you cast may paralyse adjacent
                  | enemies. [demonic ancestry]
   379 | D:1      | Reached XP level 2. HP: 16/22 MP: 3/3
   842 | D:1      | Found a faded altar of an unknown god.
  1194 | D:2      | Reached skill level 1 in Armour
  1194 | D:2      | Reached skill level 1 in Dodging
  1298 | D:2      | Gained mutation: You have large cloven feet. [demonic
                  | ancestry]
  1298 | D:2      | Reached XP level 3. HP: 28/28 MP: 4/4
  2027 | D:3      | Identified the +4 spear of Siasuf {pain, MP+9 Str+4 Int+5
                  | Dex-4}
  2205 | D:3      | Gained mutation: Spells you cast may paralyse nearby
                  | enemies. [demonic ancestry]
  2205 | D:3      | Reached XP level 4. HP: 24/34 MP: 5/5
  2407 | D:3      | Noticed Robin
  2432 | D:3      | Killed Robin
  2433 | D:3      | Gained mutation: You are partially covered in large bone
                  | plates. (SH +4) [demonic ancestry]
  2433 | D:3      | Reached XP level 5. HP: 32/41 MP: 6/6
  2766 | D:3      | Noticed Grinder
  2776 | D:3      | Paralysed by Grinder for 3 turns
  2784 | D:3      | Paralysed by Grinder for 3 turns
  2802 | D:3      | Noticed Grinder
  2802 | D:3      | Grinder changed into Grinder the rust devil
  2810 | D:2      | Succumbed to their own poison gas

Illustrated notes

Levels and vault maps discovered:
D:1:      roderic_crop_circles_arrival_small, layout_rooms,
          ebering_ecumenical_altar_hall, nicolae_kite_square_tiling_tiny,
          hangedman_decor_riveting, dk_noncrumbling_4, st_stairs_11
D:2:      layout_loops_ring, hangedman_decor_clover_reticule
D:3:      layout_basic, minitemple, guppyfry_early_orc_mine, uniq_robin,
          uniq_grinder, uniq_crazy_yiuf_cottage

Skill      XL: |  1  2  3  4 |
---------------+-------------+-----
Shields        | 3 |  3.5
Armour         | 1 |  1.9
Dodging        | 1 |  1.9
Fighting       | 3 |  3.1
Throwing       | |  1.7
Stealth        | |  1.0
Spellcasting   | |  1.0
Poison Magic   | |  1.0

Action                   |  1- 3 |  4- 6 || total
-------------------------+-------+-------++-------
Melee: Dagger            |   151 |    37 ||   188
       Kick              |    11 |     8 ||    19
Throw: Dart              |     4 |       ||     4
Evoke: Wand              |       |     3 ||     3
  Use: Scroll            |     7 |     2 ||     9
       Potion            |       |     1 ||     1
Armor: Ring mail         |    34 |       ||    34
       Scale mail        |     3 |    23 ||    26
Dodge: Dodged            |    56 |    31 ||    87
Block: Buckler           |    24 |    30 ||    54

Table legend: (Time is in decaauts)
 A = Elapsed time spent in this place.
 B = Non-inter-level travel time spent in this place.
 C = Inter-level travel time spent in this place.
 D = Time resting spent in this place.
 E = Time spent auto-exploring this place.
 F = Levels seen in this place.
 G = Mean time per level.
                   A        B        C        D        E       F      G
               +--------+--------+--------+--------+--------+-----+--------+
         Total |   2818 |   2737 |     81 |    376 |   1756 |   3 |  939.3 |
       Dungeon |   2818 |   2737 |     81 |    376 |   1756 |   3 |  939.3 |
               +--------+--------+--------+--------+--------+-----+--------+

Top non-repeatable levels by time:
     D:2: 1238 daAuts
     D:1: 1188 daAuts
     D:3: 392 daAuts
